 Dungeon Crawl Stone Soup version 0.29-a0-495-g17b79114eb (webtiles) character file.

Game seed: 5637499761583064230

734 bande the Covered (level 7, -10/44 HPs)
             Began as a Gargoyle Fighter on May 28, 2022.
             Mangled by Menkaure (11 damage)
             ... on level 5 of the Dungeon.
             The game lasted 00:07:25 (5535 turns).

bande the Covered (Gargoyle Fighter)                Turns: 5535, Time: 00:07:26

Health: -10/44     AC: 14    Str: 20    XL:     7   Next: 74%
Magic:  7/7        EV:  7    Int:  8    God:
Gold:   331        SH:  5    Dex: 11    Spells: 6/6 levels left

rFire   . . .      SeeInvis .   a - +0 war axe
rCold   . . .      Faith    .   c - +0 buckler
rNeg    + . .      Spirit   .   p - +0 chain mail
rPois   ∞          Reflect  .   (no helmet)
rElec   +          Harm     .   (no cloak)
rCorr   .          Rampage  .   (no gloves)
Will    .....                   (no boots)
Stlth   ..........              o - amulet of the acrobat
HPRegen 0.14/turn               (no ring)
MPRegen 0.10/turn               (no ring)

@: mighty
A: sickness immunity, AC +4, negative energy resistance 1, electricity
resistance, torment resistance 1, petrification resistance
a: no special abilities


You were on level 5 of the Dungeon.
You visited 1 branch of the dungeon, and saw 6 of its levels.

You collected 331 gold pieces.

Inventory:

Hand Weapons
 a - a +0 war axe (weapon)
Missiles
 q - a throwing net (quivered)
Armour
 b - a +0 scale mail
 c - a +0 buckler (worn)
 p - a +0 chain mail (worn)
Jewellery
 f - a ring of fire
 h - a ring of ice
 l - a ring of wizardry
 n - a ring of wizardry
 o - an amulet of the acrobat (around neck)
 y - a ring of magical power
Scrolls
 e - 2 scrolls of immolation {unknown}
 i - 5 scrolls of identify {unknown}
 k - 4 scrolls of enchant weapon {unknown}
 m - 2 scrolls of poison {unknown}
 v - a scroll of fear {unknown}
 w - a scroll of teleportation {unknown}
 z - a scroll of magic mapping {unknown}
Potions
 d - a potion of might
 g - 3 potions of resistance {unknown}
 j - a potion of flight {unknown}
 r - 3 potions of berserk rage {unknown}
 s - a potion of heal wounds {unknown}
 t - 2 potions of brilliance {unknown}
 u - a potion of attraction {unknown}
 x - 2 potions of degeneration {unknown}


   Skills:
 + Level 4.8 Fighting
 + Level 5.3 Axes
 + Level 5.7 Armour
 + Level 4.5 Shields


You had 6 spell levels left.
You didn't know any spells.
Your spell library contained the following spells:

 Spells                   Type           Power      Damage    Failure   Level
 Apportation              Tloc           0%         N/A       99%         1
 Necrotize                Necr           0%         1d4       99%         1
 Summon Small Mammal      Summ           0%         N/A       99%         1
 Static Discharge         Conj/Air       0%         N/A       100%        2
 Lightning Bolt           Conj/Air       0%         1d11      100%        5
 Maxwell's Capacitive Co  Air            0%         ∞         100%        8


Dungeon Overview and Level Annotations

Branches:
Dungeon (6/15)
 Temple: D:4-7

Altars:
Xom

Shops:
D:2 *

Annotations:
D:5 Menkaure


Innate Abilities, Weirdness & Mutations

You are immune to sickness and miasma.
Your stone body is resilient. (AC +4)
You are immune to poison.
You resist negative energy. (rN+)
You are resistant to electric shocks. (rElec)
You are resistant to unholy torment.
You are immune to petrification.


Message History

You hit Menkaure but do no damage.
Menkaure is lightly damaged.
Menkaure hits you but does no damage.
Menkaure calls on the powers of darkness!
Your body is wracked with pain!
The dart slug convulses!
You closely miss Menkaure.
Menkaure is lightly damaged.
Menkaure hits you!
You are too injured to fight recklessly!
You are too injured to fight recklessly!
You are too injured to fight recklessly!
You are too injured to fight recklessly!
You are too injured to fight recklessly!
You are too injured to fight recklessly!
You are too injured to fight recklessly!
You are too injured to fight recklessly!
You are too injured to fight recklessly!
You feel very mighty all of a sudden. Menkaure hits you but does no damage.
Menkaure barely misses you.
You barely miss Menkaure.
Menkaure is lightly damaged.
Menkaure barely misses you.
You barely miss Menkaure.
Menkaure is lightly damaged.
Menkaure points at you and mumbles some strange words.
Pain shoots through your body!
* * * LOW HITPOINT WARNING * * *
Menkaure calls on the powers of darkness!
Your body is wracked with pain!
* * * LOW HITPOINT WARNING * * *
The dart slug convulses!
You slash Menkaure!
Menkaure is severely damaged.
Menkaure hits you but does no damage.
You closely miss Menkaure.
Menkaure is severely damaged.
Menkaure hits you!
* * * LOW HITPOINT WARNING * * *
Menkaure hits you!
You die...

#..#######...........#
#.......########.....#
#.#####.# #......
#.....# #......
#####.# #.##... #.#
#.##... #.# #######
#.# #@# #M# #w5......#
#......... #.........
.........# ##........#
#........# #........#


You could see Menkaure (fast), a white imp and a dart slug.

Vanquished Creatures
  2 water moccasins (D:3)
  An ogre (D:4)
  A phantom (D:5)
  Blork the orc (D:4)
  A scorpion (D:5)
  A howler monkey (D:4)
  Jessica (D:3)
  3 iguanas
  3 gnolls
  2 adders (D:2)
  A dart slug (D:1)
  4 bats
  6 endoplasms
  3 giant cockroaches
  A goblin (D:3)
  6 hobgoblins
  2 jackals (D:1)
  8 kobolds
  A quokka (D:5)
  7 ball pythons
  2 frilled lizards (D:2)
  5 rats
  A spectral kobold (D:3)
63 creatures vanquished.

Notes
Turn   | Place    | Note
-------+----------+-------------------------------------------
     0 | D:1      | bande the Gargoyle Fighter began the quest for the Orb.
     0 | D:1      | Reached XP level 1. HP: 14/14 MP: 1/1
   178 | D:1      | Reached XP level 2. HP: 15/19 MP: 2/2
   839 | D:2      | Reached XP level 3. HP: 24/24 MP: 3/3
  1927 | D:2      | Reached XP level 4. HP: 18/29 MP: 4/4
  2469 | D:2      | Found Ciukiq's General Store.
  2574 | D:2      | Found a shimmering altar of Xom.
  2902 | D:3      | Noticed Jessica
  2905 | D:3      | Killed Jessica
  2926 | D:3      | Noticed a water moccasin
  2936 | D:3      | Killed a water moccasin
  2937 | D:3      | Reached XP level 5. HP: 22/33 MP: 5/5
  3068 | D:3      | Found a faded altar of an unknown god.
  3315 | D:3      | Noticed a water moccasin
  3346 | D:3      | Killed a water moccasin
  3347 | D:3      | Reached skill level 5 in Armour
  3347 | D:3      | Reached XP level 6. HP: 6/38 MP: 6/6
  4397 | D:4      | Noticed Blork the orc
  4410 | D:4      | Killed Blork the orc
  4411 | D:4      | Reached XP level 7. HP: 38/44 MP: 7/7
  5021 | D:5      | Entered Level 5 of the Dungeon
  5425 | D:5      | Reached skill level 5 in Axes
  5516 | D:5      | Noticed Menkaure
  5535 | D:5      | HP: 1/44 [Menkaure (9)]
  5535 | D:5      | Mangled by Menkaure

Illustrated notes

Levels and vault maps discovered:
D:1:      amcnicky_arrival_double_pillar, layout_loops_ring
D:2:      layout_loops_corners, basic_altar, serial_shops, shop, st_stairs_14
D:3:      layout_basic, dreamdust_ecumenical_altar_drowned_temple, uniq_jessica
D:4:      layout_basic, uniq_blork_the_orc
D:5:      layout_basic, uniq_crazy_yiuf_cottage, uniq_menkaure
D:6:      layout_loops_ring

Skill      XL: |  1  2  3  4  5  6  7 |
---------------+----------------------+-----
Axes           | 2 3 4 5 |  5.3
Armour         | 4 5 |  5.7
Fighting       | 4 |  4.8
Shields        | 4 |  4.5

Action                   |  1- 3 |  4- 6 |  7- 9 || total
-------------------------+-------+-------+-------++-------
Melee: War axe           |    72 |   133 |    47 ||   252
  Use: Potion            |       |       |     1 ||     1
Armor: Scale mail        |    65 |    16 |       ||    81
       Chain mail        |       |    59 |    21 ||    80
Dodge: Dodged            |    48 |    68 |    17 ||   133
Block: Buckler           |    21 |    32 |    11 ||    64

Table legend: (Time is in decaauts)
 A = Elapsed time spent in this place.
 B = Non-inter-level travel time spent in this place.
 C = Inter-level travel time spent in this place.
 D = Time resting spent in this place.
 E = Time spent auto-exploring this place.
 F = Levels seen in this place.
 G = Mean time per level.
                   A        B        C        D        E       F      G
               +--------+--------+--------+--------+--------+-----+--------+
         Total |   5637 |   5556 |     81 |   1309 |   3391 |   6 |  939.5 |
       Dungeon |   5637 |   5556 |     81 |   1309 |   3391 |   6 |  939.5 |
               +--------+--------+--------+--------+--------+-----+--------+

Top non-repeatable levels by time:
     D:1: 1822 daAuts
     D:3: 1381 daAuts
     D:2: 1128 daAuts
     D:4: 784 daAuts
     D:5: 497 daAuts
     D:6: 23 daAuts
